← All builds
Suicide front / Armada / Factory first / OBSERVED BUILD

Standard suicide front

Bot Lab first into Rocketeer/Centurion/Pawn to contest the middle early and hold until T2 arrives, the role's baseline play.

Usually lab first (62%)

#rush · 1185 distinct matches · 125 players · 71% of Armada Suicide front games · team won 60% of 1411 · Recently observed

HOW TO PLAY IT

Key timing: Bot Lab by 0:20

  1. Open with mex and wind, drop Bot Lab immediately.
  2. Push out first "Centurion" as Pond's boost lands.
  3. Send "Rocketeer", "Centurion", "Pawn" mix to contest middle.
  4. Add Dragon's Teeth and Sentries to hold the line.
  5. Get Advanced Metal Extractor up as T2 nears.

Phase by phase

TYPICAL OF ITS 1185 GAMES
  1. 1
  2. 2
  3. 3
PLAY THE OPENING

Follow the example game's first 6:00 step by step: what to build now, what comes next, and where it goes. At 1× it keeps pace with your own game.

  1. 1

    Bot Lab first

    Order
    1. Bot LabBot Lab done ~0:20, middle half 0:20–0:33

    Some games also: mex (37%)

  2. 2

    Bot Lab to 5:00

    Economy
    • Metal Extractor5Mex
    • Wind Turbine4Wind
    Builders
    • Construction Bot3 Con bot
    • Lazarus2 Lazarus
    Army
    • Sentry4 Sentry
    • Rocketeer18 Rocketeer
    • Tick2 Tick
    • Centurion1 Centurion
    Other
    • Radar Tower1 Radar Tower

    Some games also: con turret (35%) · pawn (31%)

    By 5:00 in all: 5 mex · 5 wind

    The example game in this phase · 42 steps
    1. Construction BotCon bot
    2. Mex
    3. Wind
    4. TickTick
    5. SentrySentry
    6. Mex
    7. Construction BotCon bot
    8. Mex
    9. Construction BotCon bot
    10. Mex
    11. SentrySentry
    12. CenturionCenturion
    13. Wind
    14. LazarusLazarus
    15. Mex
    16. RocketeerRocketeer
    17. Wind
    18. SentrySentry
    19. RocketeerRocketeer
    20. SentrySentry
    21. RocketeerRocketeer ×2
    22. Radar TowerRadar Tower
    23. Con turret
    24. SentrySentry
    25. RocketeerRocketeer ×3
    26. SentrySentry
    27. Wind
    28. RocketeerRocketeer ×4
    29. Wind
    30. CenturionCenturion ×2
    31. Wind
    32. RocketeerRocketeer
    33. Wind
    34. RocketeerRocketeer
    35. Wind
    36. RocketeerRocketeer
    37. Wind
    38. RocketeerRocketeer
    39. Energy storage
    40. RocketeerRocketeer ×3
    41. Con turret
    42. RocketeerRocketeer
  3. 3

    5:00 to 10:00

    Economy
    • Metal Extractor1Mex
    • Wind Turbine17Wind
    Builders
    • Construction Turret2 Con turret
    • Lazarus2 Lazarus
    • Construction Bot1 Con bot
    Army
    • Sentry1 Sentry
    • Rocketeer8 Rocketeer
    • Pawn1 Pawn

    Some games also: tick (48%) · Radar Tower (47%) · energy storage (46%) · centurion (45%) · Beamer (38%)

    By 10:00 in all: 6 mex · 23 wind · 1 energy storage · 3 con turret

    The example game in this phase · 106 steps
    1. RocketeerRocketeer
    2. Con turret
    3. RocketeerRocketeer ×2
    4. Wind
    5. RocketeerRocketeer
    6. Wind
    7. RocketeerRocketeer
    8. Wind
    9. RocketeerRocketeer
    10. Dragon's TeethDragon's Teeth
    11. Wind
    12. Dragon's TeethDragon's Teeth ×2
    13. RocketeerRocketeer
    14. Dragon's TeethDragon's Teeth ×2
    15. Wind
    16. RocketeerRocketeer
    17. Converter
    18. RocketeerRocketeer
    19. Converter
    20. RocketeerRocketeer
    21. Converter
    22. RocketeerRocketeer ×2
    23. Wind
    24. RocketeerRocketeer
    25. Wind
    26. RocketeerRocketeer
    27. Wind
    28. RocketeerRocketeer ×2
    29. Wind
    30. RocketeerRocketeer
    31. Wind
    32. RocketeerRocketeer
    33. Wind
    34. RocketeerRocketeer
    35. Converter
    36. RocketeerRocketeer
    37. Converter
    38. RocketeerRocketeer
    39. Con turret
    40. Construction BotCon bot
    41. Con turret
    42. Radar TowerRadar Tower
    43. Wind
    44. Advanced Metal ExtractorT2 mexdone 8:58 · typical 9:37
    45. Wind ×3
    46. Sneaky PeteSneaky Pete
    47. Wind ×9
    48. Advanced Metal ExtractorT2 mex
    49. Wind ×5
    50. Bot LabBot Labdone 9:54
    51. Wind
    52. Advanced Metal ExtractorT2 mex
    53. Wind ×4
    54. PawnPawn ×2
    55. Wind
    56. PawnPawn
    57. Wind
    58. PawnPawn ×2
    59. Wind
    60. PawnPawn ×2
    61. Wind
    62. PawnPawn ×2
    63. Wind
    64. Dragon's TeethDragon's Teeth
    65. PawnPawn
    66. Wind
    67. PawnPawn
    68. Dragon's TeethDragon's Teeth
    69. PawnPawn
    70. Dragon's TeethDragon's Teeth
    71. Wind
    72. PawnPawn ×2
    73. Wind
    74. PawnPawn ×2
    75. Wind
    76. PawnPawn
    77. Wind
    78. PawnPawn ×3
    79. Wind
    80. PawnPawn
    81. Wind
    82. PawnPawn ×2
    83. Wind
    84. PawnPawn ×2
    85. Wind
    86. PawnPawn
    87. Wind
    88. PawnPawn ×2
    89. Wind
    90. PawnPawn ×2
    91. Converter
    92. PawnPawn ×3
    93. Converter
    94. PawnPawn
    95. RattlesnakeRattlesnakedone 12:41
    96. PawnPawn ×2
    97. Converter
    98. PawnPawn
    99. Converter
    100. PawnPawn ×4
    101. Sneaky PeteSneaky Pete
    102. PawnPawn ×6
    103. Pit BullPit Bull
    104. PawnPawn ×4
    105. Pit BullPit Bull
    106. Wind ×10

Counts are medians over the build's games: half of them build more, half fewer. The example game is TrapCaT's (42 OS, 19/09/2026); pick another.

Team trades

IN AT LEAST 30% OF ITS GAMES

You hand over

Nothing regular.

You get

  • Tidal Generator4 Tidal from Pondfirst at 0:10 · in 69% of games
  • Advanced Construction Bot1 T2 con bot from Geo or Techfirst at 7:30 · in 58% of games

How it plays out

Typical game of this build, running totals by minute

Metal produced

010k20k30k
0:005:0010:0015:00

metal

Enemy metal destroyed

05k10k
0:005:0010:0015:00

metal

Own metal lost

05k10k
0:005:0010:0015:00

metal

1411 games.

Show as table
ByMetal produced: This buildEnemy metal destroyed: This buildOwn metal lost: This build
1:0022600
2:0088900
3:002056172106
4:003161660486
5:00423614131020
6:00543023271785
7:00666131792732
8:00791040353631
9:00929848164516
10:001068854265336
11:001224158986080
12:001402465176842
13:001604270137523
14:001796976808336
15:002029783029228
WHAT THE NUMBERS SAY

Standard suicide front play wins slightly more than half its games with fast kills but also fast losses, matching the raw grind of the role.

  • + First kill lands by 2:04 in all games
  • + Metal produced reaches 19882 by 15:00
  • − Own metal lost hits 9208 by 15:00, near metal destroyed of 8172
  • − First unit lost as early as 2:08 in every game
THE EXAMPLE YOU ARE READING

TrapCaT

41.5 OS · 19/09/2026

Open source match ↗

50 received units · includes a constructor
484 metal received · 48253 energy received

Allied construction assistance is unknown. Timings are observations, not a promise of solo reproducibility.

Typical milestones

Bot Lab0:20Middle 50%: 0:20–0:33 · n=1405
Advanced Metal Extractor9:37Middle 50%: 8:41–10:48 · n=1035

Played most by

_X_252games of this buildPlatinumBlonde166games of this buildXad109games of this buildImmort62games of this buildwatermeloans58games of this build